 Dungeon Crawl Stone Soup version 0.18-a0-952-g309898a (webtiles) character file.

74 JokEr the Skirmisher (level 4, 0/37 HPs)
             Began as a Formicid Fighter on Dec 30, 2015.
             Slain by a gnoll
             ... wielding a +0 dagger of chaos
              (4 damage)
             ... on level 2 of the Dungeon.
             The game lasted 00:03:14 (1608 turns).

JokEr the Skirmisher (Formicid Fighter)             Turns: 1608, Time: 00:03:14

Health: 0/37       AC:  9    Str: 27    XL:     4   Next: 54%
Magic:  4/4        EV:  8    Int:  7    God:
Gold:   48         SH: 10    Dex: 10    Spells: 0 memorised, 3 levels left

rFire  . . .     SeeInvis +     a - +0 long sword
rCold  . . .     Gourm    .     b - +0 scale mail
rNeg   . . .     Faith    .     c - +0 shield
rPois  .         Spirit   .     (helmet unavailable)
rElec  .         Dismiss  .     (no cloak)
rCorr  .         Reflect  .     e - +0 pair of gloves
SustAt .         Harm     .     r - +0 pair of boots
MR     .....                    (no amulet)
Stlth  ..........               (no ring)
                                (no ring)

@: mighty, lethally poisoned (0 -> -8), very slightly contaminated, not
resistant to hostile enchantments, extremely unstealthy
A: permanent stasis, dig shafts and tunnels, four strong arms, antennae 3
a: Dig, Shaft Self


You were on level 2 of the Dungeon.
You were not hungry.

You visited 1 branch of the dungeon, and saw 2 of its levels.

You collected 48 gold pieces.

Inventory:

Hand Weapons
 a - a +0 long sword (weapon)
Armour
 b - a +0 scale mail (worn)
 c - a +0 shield (worn)
 e - a +0 pair of gloves (worn)
 r - a +0 pair of boots (worn)
Jewellery
 n - an uncursed ring of protection from fire {unknown}
 s - an uncursed ring of flight {unknown}
Scrolls
 m - a scroll of fear {unknown}
 p - 3 scrolls of blinking {unknown}
 q - a scroll of remove curse
Potions
 d - a potion of might
 g - 2 potions of lignification
 h - a potion of mutation {unknown}
 i - a potion of agility {unknown}
 j - a potion of ambrosia {unknown}
 k - a potion of flight {unknown}
 o - a potion of invisibility {unknown}
 t - a potion of haste {unknown}
 u - a potion of brilliance {unknown}
Comestibles
 f - a bread ration
 l - 3 fruits


   Skills:
 + Level 4.2 Fighting
 + Level 3.5 Long Blades
 - Level 3.2 Armour
 - Level 3.8 Shields


You had 3 spell levels left.
You didn't know any spells.

Dungeon Overview and Level Annotations

Branches:
Dungeon (2/15)

Altars:
Makhleb


Innate Abilities, Weirdness & Mutations

You are under a permanent stasis effect.
You can dig through walls and to a lower floor.
Your four strong arms can wield two-handed weapons with a shield.
You have a pair of large antennae on your head (SInv).


Message History

The gnoll is almost dead.
* * * LOW HITPOINT WARNING * * *
You feel sick. The gnoll hits you but does no damage.
The gnoll hits you with a dagger of chaos.
* * * LOW HITPOINT WARNING * * *
You hit the gnoll.
You kill the gnoll!
* * * LOW HITPOINT WARNING * * *
You feel sick. You block the gnoll's attack. You block the gnoll's attack.
Your shield and scale mail prevent you from hitting the gnoll.
* * * LOW HITPOINT WARNING * * *
You feel sick. The gnoll closely misses you.
You barely miss the gnoll.
* * * LOW HITPOINT WARNING * * *
You feel sick. You block the gnoll's attack.
You closely miss the gnoll.
* * * LOW HITPOINT WARNING * * *
You feel sick.
The gnoll hits you with a dagger of chaos.
You die...

....#.........##.##....#.#
............#.##.#...###.######
............#..#.#..............
............'....'...)..†#######
............##.#.#...#####
##..........##.#.#...#
#...#####'###...#####
#...#####'####..#
##+###......##)@# #......###g#
###+###......###'#####
.....................#
..............)......#
..........#..........#
.....).)..#..........#
..........#..........#
.....<..###.######.###


You could see a gnoll.

Vanquished Creatures
  A gnoll (D:2)
  An adder (D:2)
  An ooze (D:1)
  11 goblins
  5 hobgoblins (D:2)
  A quokka (D:2)
  A ball python (D:2)
  6 bats
  3 giant cockroaches (D:1)
  4 giant newts
  4 jackals (D:1)
  5 kobolds
  7 rats
50 creatures vanquished.

Notes
Turn   | Place    | Note
--------------------------------------------------------------
     0 | D:1      | JokEr the Formicid Fighter began the quest for the Orb.
     0 | D:1      | Reached XP level 1. HP: 18/18 MP: 1/1
   142 | D:1      | Reached XP level 2. HP: 24/24 MP: 2/2
   187 | D:1      | Reached XP level 3. HP: 12/30 MP: 3/3
   850 | D:2      | Reached skill level 4 in Fighting
  1176 | D:2      | Found a burning altar of Makhleb.
  1199 | D:2      | Reached XP level 4. HP: 7/37 MP: 4/4
  1608 | D:2      | Slain by a gnoll

Vault maps used:
D:1:      nagdon_arrival_double_spiral, minmay_misc_feat_four_crosses,
          grunt_decor_mini_mirrors
D:2:      nicolae_overflow_hidden_temple, tgw_xom, serial_park_tiny_1,
          kennysheep_generic_room_6

Action                   |  1- 3 |  4- 6 || total
-------------------------+-------+-------++-------
Melee: Long sword        |   158 |    34 ||   192
  Use: Scroll            |     3 |       ||     3
       Potion            |     1 |     1 ||     2
  Eat: Chunk             |     1 |     2 ||     3
